 Dungeon Crawl Stone Soup version 0.30-a0-358-g0d69a1922f (webtiles) character file.

Game seed: 3641212941408267892

331 Lobster4 the Gusty (level 6, -1/28 (34) HPs)
             Began as a Tengu Air Elementalist on Nov 10, 2022.
             Was a Believer of Vehumet.
             Slain by Eustachio
             ... wielding a +0 rapier
              (5 damage)
             ... on level 4 of the Dungeon.
             The game lasted 00:15:24 (5410 turns).

Lobster4 the Gusty (Tengu Air Elementalist)         Turns: 5410, Time: 00:15:24

HP:   -1/28 (34)    AC:  2    Str:  8    XL:     6   Next: 52%
MP:   1/10          EV: 15    Int: 18    God:    Vehumet [**....]
Gold: 244           SH:  0    Dex: 14    Spells: 3/10 levels left

rFire   x . .      SeeInvis .    a - +5 trident
rCold   + . .      Faith    .    (no shield)
rNeg    . . .      Spirit   .    o - +0 robe
rPois   .          Reflect  .    (helmet restricted)
rElec   .          Harm     .    (no cloak)
rCorr   .          Rampage  .    (no gloves)
Will    .....                    (boots unavailable)
Stlth   ++........               (no amulet)
HPRegen 0.24/turn                d - ring of ice
MPRegen 0.12/turn                (no ring)

@: flying quickly and evasively, heavily drained, quick
A: beak, talons 3, nimble flight
a: Renounce Religion


You were on level 4 of the Dungeon.
You worshipped Vehumet.
Vehumet was pleased with you.
You visited 1 branch of the dungeon, and saw 4 of its levels.
You also visited: Ossuary.

You collected 244 gold pieces.

Inventory:

Hand Weapons
 a - a +5 trident (weapon)
 b - a +0 sling
 r - a +0 short sword
 x - a +0 dagger of flaming
Missiles
 n - 24 stones
Armour
 o - a +0 robe (worn)
 q - a +0 ring mail
 s - a +0 scale mail of positive energy
Jewellery
 d - a ring of ice (left hand)
Wands
 w - a wand of flame (21)
Scrolls
 c - 2 scrolls of enchant weapon
 e - a scroll of fear {unknown}
 f - 6 scrolls of identify
 i - 5 scrolls of amnesia
 l - 3 scrolls of vulnerability
 m - a scroll of blinking
 p - 2 scrolls of poison
 t - 3 scrolls of butterflies
Potions
 g - a potion of ambrosia {unknown}
 h - a potion of flight
 j - a potion of degeneration {unknown}
 k - 5 potions of curing
 v - a potion of magic
 z - a potion of invisibility


   Skills:
 + Level 1.6 Fighting
 + Level 1.8 Short Blades
 + Level 1.0 Polearms
 + Level 2.0 Armour
 - Level 3.0 Dodging
 - Level 3.0 Stealth
 + Level 2.6 Spellcasting
 + Level 2.9 Conjurations
 + Level 0.3 Ice Magic
 * Level 5.6 Air Magic
 + Level 0.1 Poison Magic


You had 3 spell levels left.
You knew the following spells:

 Your Spells              Type           Power      Damage    Failure   Level
a - Shock                 Conj/Air       68%        1d7       3%          1
b - Swiftness             Air            22%        N/A       4%          3
c - Freeze                Ice            20%        1d4       14%         1
d - Poisonous Vapours     Pois/Air       24%        N/A       8%          2

Your spell library contained the following spells:

 Spells                   Type           Power      Damage    Failure   Level
 Static Discharge         Conj/Air       34%        2-4/arc   4%          2
 Ozocubu's Armour         Ice            5%         N/A       41%         3
 Airstrike                Air            11%        2d(2-18)  16%         4
 Metabolic Englaciation   Hex/Ice        2%         N/A       99%         5
 Simulacrum               Ice/Necr       2%         N/A       100%        6


Dungeon Overview and Level Annotations

Branches:
Dungeon (4/15)            Ossuary (visited)
 Temple: D:4-7

Altars:
Elyvilon
Sif Muna
Vehumet

Annotations:
D:4 Eustachio


Innate Abilities, Weirdness & Mutations

You have a beak for a mouth.
You have claws for feet.
Your magical nature lets you fly swiftly and evasively.


Message History

The quokka bites you.
Casting: Shock (safe; 3% risk of failure)
Confirm with . or Enter, or press ? or * to list all spells.
Aiming: Shock (safe; 3% risk of failure)
Press: ? - help, Shift-Dir - straight line, f/p - Eustachio
Aim: Eustachio, wielding a +0 rapier and wearing a +0 leather armour (almost dead, 60% to hit)
The zap hits Eustachio.
Eustachio is almost dead.
The quokka barely misses you.
Eustachio growls, "To hell with you, honourless miscreant!"
The quokka closely misses you.
Casting: Shock (safe; 3% risk of failure)
Confirm with . or Enter, or press ? or * to list all spells.
Aiming: Shock (safe; 3% risk of failure)
Press: ? - help, Shift-Dir - straight line, f/p - Eustachio
Aim: Eustachio, wielding a +0 rapier and wearing a +0 leather armour (almost dead, 60% to hit)
The zap hits Eustachio.
Eustachio is almost dead.
The zap misses Eustachio.
Eustachio yells, "Perjured traitor, DIE!"
Eustachio hits you with a +0 rapier. The quokka closely misses you.
Casting: Shock (safe; 3% risk of failure)
Confirm with . or Enter, or press ? or * to list all spells.
Aiming: Shock (safe; 3% risk of failure)
Press: ? - help, Shift-Dir - straight line, f/p - Eustachio
Aim: Eustachio, wielding a +0 rapier and wearing a +0 leather armour (almost dead, 60% to hit)
The zap misses Eustachio. x2; Eustachio hits you with a +0 rapier.
* * * LOW HITPOINT WARNING * * *
The quokka completely misses you.
Casting: Shock (safe; 3% risk of failure)
Confirm with . or Enter, or press ? or * to list all spells.
Aiming: Shock (safe; 3% risk of failure)
Press: ? - help, Shift-Dir - straight line, f/p - Eustachio
Aim: Eustachio, wielding a +0 rapier and wearing a +0 leather armour (almost dead, 60% to hit)
The zap hits Eustachio.
Eustachio is almost dead.
The zap hits Eustachio.
Eustachio is almost dead.
Eustachio hits you with a +0 rapier.
You die...

########### #.........#
#.#######.# #.# #.#
#######.##### #.#
.####...........# #.#
.........##.###.###.####
.####..@r.#.###.#......#
##.@.##.........##.#
##.#######.#.### .# #.#
#.#.####.# ### #.# #......#.#
#.....<# ##+## ###.##.#.#
#.#.##.# ##...### #......#
#.#.##.# ##......#### ####.###
####...##.###..........###.##.#
#..[....#.##...........##...#.#


You could see Eustachio and a quokka (summoned).

Vanquished Creatures
  Menkaure (D:4)
  An orc wizard (D:3)
  A mummy (Ossuary)
  5 adders
  2 worms
  A dart slug (D:3)
  4 orcs (D:3)
  3 spectral bats (Ossuary)
  4 bats
  5 endoplasms
  4 giant cockroaches
  8 goblins
  9 hobgoblins
  3 jackals (D:4)
  4 quokkas (D:1)
  6 ball pythons
  A bat simulacrum (Ossuary)
  6 frilled lizards
  12 gnoll zombies (Ossuary)
  2 goblin simulacra (Ossuary)
  4 goblin zombies (Ossuary)
  5 hobgoblin zombies (Ossuary)
  A kobold (D:1)
  5 kobold simulacra (Ossuary)
  6 kobold zombies (Ossuary)
  3 orc zombies (Ossuary)
  6 rats
  4 rat simulacra (Ossuary)
  3 spectral goblins (Ossuary)
  4 spectral kobolds (Ossuary)
  3 spectral rats (Ossuary)
126 creatures vanquished.

Notes
Turn   | Place    | Note
-------+----------+-------------------------------------------
     0 | D:1      | Lobster4 the Tengu Air Elementalist began the quest for the
                  | Orb.
     0 | D:1      | Reached XP level 1. HP: 10/10 MP: 4/4
   338 | D:1      | Reached XP level 2. HP: 15/15 MP: 3/6
  1279 | D:2      | Reached XP level 3. HP: 20/20 MP: 0/7
  1438 | D:2      | Learned a level 3 spell: Swiftness
  1665 | D:2      | Reached skill level 1 in Armour
  2099 | D:2      | Reached XP level 4. HP: 24/24 MP: 3/8
  2291 | D:2      | Found a radiant altar of Vehumet.
  2324 | D:2      | Became a worshipper of Vehumet
  2604 | D:2      | Reached skill level 1 in Fighting
  2791 | D:3      | Found a white marble altar of Elyvilon.
  2801 | D:3      | Found a shimmering blue altar of Sif Muna.
  2803 | D:3      | Reached skill level 5 in Air Magic
  2954 | D:3      | Reached skill level 1 in Short Blades
  3552 | D:3      | Gained mutation: Your magical nature lets you fly swiftly
                  | and evasively. [Tengu growth]
  3552 | D:3      | Reached XP level 5. HP: 29/29 MP: 4/9
  4245 | D:4      | Found a sand-covered staircase.
  4245 | D:4      | Noticed Menkaure
  4257 | D:4      | Killed Menkaure
  4258 | D:4      | Reached XP level 6. HP: 33/34 MP: 2/10
  4260 | D:4      | Reached * piety under Vehumet
  4260 | D:4      | Offered knowledge of Freeze by Vehumet.
  4263 | D:4      | Learned a level 1 spell: Freeze
  4273 | Ossuary  | Entered an ossuary
  4698 | Ossuary  | Reached skill level 1 in Polearms
  4833 | Ossuary  | Offered knowledge of Poisonous Vapours by Vehumet.
  4837 | Ossuary  | Learned a level 2 spell: Poisonous Vapours
  4845 | Ossuary  | Reached ** piety under Vehumet
  5393 | D:4      | Noticed Eustachio
  5410 | D:4      | Slain by Eustachio

Illustrated notes

Levels and vault maps discovered:
D:1:      co_arrival_random_square_maze, layout_basic,
          minmay_misc_feat_diagonals
D:2:      minmay_chambers_of_ones, layout_basic, basic_altar,
          kennysheep_generic_room_7
D:3:      layout_loops_ring, amethyst_overflow_temple_binary
D:4:      layout_loops_corners, nicolae_ossuary_entry_ruins,
          uniq_crazy_yiuf_cottage, uniq_menkaure, uniq_eustachio

Skill      XL: |  1  2  3  4  5  6 |
---------------+-------------------+-----
Conjurations   | 2 |  2.9
Armour         | 1 2 |  2.0
Fighting       | 1 |  1.6
Air Magic      | 5 |  5.6
Short Blades   | 1 |  1.8
Dodging        | 3 |  3.0
Polearms       | 1 |  1.0
Stealth        | 3 |  3.0
Spellcasting   | |  2.6
Ice Magic      | |  0.3
Poison Magic   | |  0.1

Action                   |  1- 3 |  4- 6 || total
-------------------------+-------+-------++-------
Melee: Dagger            |     2 |     3 ||     5
       Kick              |       |     9 ||     9
       Trident           |       |    56 ||    56
       Peck              |       |     7 ||     7
 Cast: Shock             |    80 |   150 ||   230
  Use: Scroll            |     1 |    13 ||    14
       Potion            |       |     2 ||     2
 Stab: Sleeping          |       |    12 ||    12
Armor: Robe              |     2 |    17 ||    19
Dodge: Dodged            |     9 |    74 ||    83

Table legend: (Time is in decaauts)
 A = Elapsed time spent in this place.
 B = Non-inter-level travel time spent in this place.
 C = Inter-level travel time spent in this place.
 D = Time resting spent in this place.
 E = Time spent auto-exploring this place.
 F = Levels seen in this place.
 G = Mean time per level.
                   A        B        C        D        E       F      G
               +--------+--------+--------+--------+--------+-----+--------+
         Total |   5321 |   5072 |    249 |   1005 |   3073 |   5 | 1064.2 |
       Dungeon |   4359 |   4110 |    249 |    613 |   2831 |   4 | 1089.8 |
       Ossuary |    962 |    962 |      0 |    392 |    242 |   1 |  962.0 |
               +--------+--------+--------+--------+--------+-----+--------+

Top non-repeatable levels by time:
     D:2: 1657 daAuts
     D:1: 1271 daAuts
     D:3: 1012 daAuts
 Ossuary: 962 daAuts
     D:4: 418 daAuts
